cohdb
Replays
Latest Replays
All Replays
Popular Replays
Top Player Replays
Match Explorer
How It Works
Community
CoH3 Stats
Reddit
Sign in to upload your games and track your stats! →
Sign in with Steam
Steel of Armor Horde
Match 40269827
Overview
Messages
Build Orders
End
Panzergrenadier Squad
Selects Armored Support Battlegroup
250 Light Carrier
Panzergrenadier Squad
Construct Light Support Kompanie
Combat Half-tracks
Selects Superior Fire Drills
Fire Support Elements
Vehicle Survival Package
Tungsten Core Ammunition
Panzerjäger Mechanized Group
MG34 Team
Construct Panzerarmee Kommand
Panzerjäger Squad
Selects Vehicle Awareness
Panzer III L Medium Tank
Vehicle Awareness
Panzer III L Medium Tank
Emergency Repair Kits
Selects Panzer Storm
Panzer III L Medium Tank
Vehicle Awareness
Panzer III L Medium Tank
Selects Stuka Anti-tank Loiter
Stuka Anti-tank Loiter
Panzer III L Medium Tank
Vehicle Awareness
Advanced Optics
Stuka Anti-tank Loiter
Panzer III L Medium Tank
Panzer III L Medium Tank
Vehicle Awareness
Rapid Advance
Selects Flammpanzer III Medium Tank
Walking Stuka Rocket Launcher
Stuka Anti-tank Loiter
Panzer III L Medium Tank
Vehicle Awareness
Armored Reserves
Stuka Anti-tank Loiter
Panzer Storm
Mochi_flamer
余寶
AshCo Dismas
Gage
Protez
Achilles Gaming @ YouTube
DDougE
Mr.Larry.Mx
0
0
Comments
sign in to comment!
No comments posted yet!